 Dungeon Crawl Stone Soup version 0.17.1-3-g152610e (webtiles) character file.

534 hitw the Ducker (level 7, -7/63 HPs)
             Began as a Deep Dwarf Berserker on Apr 25, 2016.
             Was a Priest of Trog.
             Mangled by swiechu's ghost (10 damage)
             ... on level 5 of the Dungeon on Apr 26, 2016.
             The game lasted 01:11:14 (4285 turns).

hitw the Ducker (Deep Dwarf Berserker)              Turns: 4285, Time: 01:11:15

Health: -7/63      AC: 13    Str: 22    XL:     7   Next: 4%
Magic:  7/7        EV: 20    Int: 12    God:    Trog [***...]
Gold:   147        SH:  0    Dex: 20    Spells: 0 memorised, 6 levels left

rFire  x . .     SeeInvis +     f - +1 short sword (vamp)
rCold  + . .     Clarity  .     r - +1 ring mail of Oqadol {*Drain rElec Int+4 Dex+3}
rNeg   . . .     SustAt   .     (no shield)
rPois  .         Gourm    .     q - +2 hat {SInv}
rElec  +         Spirit   .     m - +0 cloak
rCorr  .         Warding  .     (no gloves)
rMut   .         Stasis   .     v - +2 pair of boots
MR     +....                    (no amulet)
Stlth  ++........               (no ring)
                                g - ring of ice

@: agile, non-regenerating, somewhat resistant to hostile enchantments,
unstealthy
A: damage resistance, recharge devices, sense surroundings 1, slow regeneration
3
a: Device Recharging, Berserk, Trog's Hand, Burn Spellbooks, Renounce Religion


You were on level 5 of the Dungeon.
You worshipped Trog.
Trog was most pleased with you.
You were not hungry.

You visited 1 branch of the dungeon, and saw 5 of its levels.

You collected 219 gold pieces.
You spent 72 gold pieces at shops.

Inventory:

Hand Weapons
 a - a +0 hand axe
 f - a +1 vampiric short sword (weapon)
 h - a +0 hand axe
 x - a +2 trident of holy wrath
Armour
 b - a +0 animal skin
 d - a +0 chain mail
 l - a +0 ring mail
 m - a +0 cloak (worn)
 q - a +2 hat of see invisible (worn)
 r - the +1 ring mail of Oqadol (worn) {*Drain rElec Int+4 Dex+3}
   (You found it on level 5 of the Dungeon)

   It affects your intelligence (+4).
   It affects your dexterity (+3).
   It insulates you from electricity.
   It causes draining when unequipped.
 v - a +2 pair of boots (worn)
Jewellery
 g - a ring of ice (left hand)
Wands
 c - a wand of heal wounds (1)
 t - a wand of magic darts (17)
Scrolls
 e - 5 scrolls of remove curse
 o - 3 scrolls of fog
Potions
 i - a potion of lignification
 n - a potion of flight
 p - 2 potions of curing
Comestibles
 j - 6 chunks of flesh
 k - 3 fruits
 s - a meat ration
 w - 2 bread rations


   Skills:
 + Level 3.9 Fighting
 + Level 2.0 Short Blades
 + Level 4.2 Axes
 + Level 4.3 Armour
 + Level 5.1 Dodging
 + Level 0.6 Stealth
 + Level 1.0 Evocations


You had 6 spell levels left.
You didn't know any spells.

Dungeon Overview and Level Annotations

Branches:
Dungeon (5/15)
 Temple: D:4-7

Altars:
Qazlal
Ru

Shops:
D:4 [

Annotations:
D:4 swiechu's ghost, amateur MiFi
D:5 swiechu's ghost, novice MiFi


Innate Abilities, Weirdness & Mutations

You are resistant to damage.
You can recharge devices by infusing magical energy.
You passively map a small area around you.
You do not regenerate naturally.


Message History

Swiechu's ghost is lightly damaged.
Swiechu's ghost closely misses you.
You barely miss swiechu's ghost.
Swiechu's ghost is lightly damaged.
Swiechu's ghost misses you.
You hit swiechu's ghost but do no damage.
Swiechu's ghost is lightly damaged.
Swiechu's ghost hits you.
* * * LOW HITPOINT WARNING * * *
You hit swiechu's ghost.
Swiechu's ghost is moderately damaged.
Swiechu's ghost hits you!
* * * LOW HITPOINT WARNING * * *
You hit swiechu's ghost but do no damage.
Swiechu's ghost is moderately damaged.
Swiechu's ghost hits you but does no damage.
You hit swiechu's ghost but do no damage.
Swiechu's ghost is moderately damaged.
Swiechu's ghost hits you!
You die...

#### #... #... #...
#..., #...*##########
#.$.##...##...##
#...@W....'....#
#....#....#....#
#....#....#....#
#...##.####..######**
####*######..###..##
#.$.........#.
#...........#
#...........#
#...........#,


You could see swiechu's ghost.

Vanquished Creatures
  A centaur (D:5)
  An orc priest (D:3)
  An orc wizard (D:5)
  2 worker ants
  A hound (D:4)
  A giant frog skeleton (D:5)
  Jessica (D:3)
  Terence (D:3)
  An iguana (D:4)
  3 hound skeletons
  3 adders
  A gnoll (D:5)
  2 oozes
  2 worms
  18 orcs
  5 goblins
  5 hobgoblins
  14 jackals
  4 quokkas
  2 ball pythons
  A ball python skeleton (D:4)
  3 bats
  3 giant cockroaches
  3 giant geckos
  2 giant newts (D:3)
  12 kobolds
  A quokka skeleton (D:5)
  7 rats
101 creatures vanquished.

Notes
Turn   | Place    | Note
--------------------------------------------------------------
     0 | D:1      | hitw the Deep Dwarf Berserker began the quest for the Orb.
     0 | D:1      | Reached XP level 1. HP: 20/20 MP: 1/1
   253 | D:1      | Reached XP level 2. HP: 21/27 MP: 2/2
   786 | D:1      | Reached ** piety under Trog
  1007 | D:1      | Reached XP level 3. HP: 14/34 MP: 3/3
  1273 | D:2      | Reached skill level 4 in Axes
  1472 | D:2      | Found a stormy altar of Qazlal.
  1951 | D:3      | Reached XP level 4. HP: 40/42 MP: 4/4
  2036 | D:3      | Reached XP level 5. HP: 33/49 MP: 5/5
  2067 | D:3      | Found a sacrificial altar of Ru.
  2072 | D:3      | Noticed Terence
  2089 | D:3      | Killed Terence
  2186 | D:3      | Reached skill level 1 in Evocations
  2417 | D:3      | Reached *** piety under Trog
  2598 | D:3      | Noticed Jessica
  2611 | D:3      | Killed Jessica
  2611 | D:3      | Reached skill level 1 in Short Blades
  2849 | D:4      | Reached XP level 6. HP: 56/56 MP: 6/6
  2882 | D:4      | Found Tuomyes's Antique Armour Shoppe.
  2890 | D:4      | Bought a glowing hat for 72 gold pieces
  3019 | D:4      | Noticed swiechu's ghost (amateur MiFi)
  3078 | D:5      | Entered Level 5 of the Dungeon
  3227 | D:5      | Got a slimy ring mail
  3228 | D:5      | Identified the +1 ring mail of Oqadol {*Drain rElec Int+4 Dex+3} (You found it on level 5 of the Dungeon)
  3710 | D:5      | Noticed swiechu's ghost (novice MiFi)
  4154 | D:5      | Reached skill level 5 in Dodging
  4154 | D:5      | Reached XP level 7. HP: 34/63 MP: 7/7
  4283 | D:5      | HP: 3/63 [swiechu's ghost (10)]
  4285 | D:5      | Mangled by swiechu's ghost

Action                   |  1- 3 |  4- 6 |  7- 9 || total
-------------------------+-------+-------+-------++-------
Melee: Hand axe          |   171 |       |       ||   171
       Short sword       |    18 |   393 |    24 ||   435
Evoke: Wand              |     3 |     1 |       ||     4
  Use: Scroll            |     6 |     7 |     1 ||    14
       Potion            |     3 |     6 |     1 ||    10
  Eat: Bread ration      |     2 |       |       ||     2
       Beef jerky        |       |     1 |       ||     1
       Chunk             |       |     5 |       ||     5
       Fruit             |       |     1 |       ||     1
